AoeStats
← felip3.diaz

Arabia

510440330Analyzed
2v2 RM · 2d ago on Oct 1, 2026· 59m 42s· 4 players
Game mode
Random Map
Map size
Medium (4 player)
Population
200
Speed
Normal
Resources
Standard
Victory
Conquest
Starting age
Dark Age
Ending age
Imperial Age
RankedLock teamsTeams togetherTeam positionsShared explorationLock speedFull tech treeHidden civsTurbo modeCheats
Victory
Defeat
🇨🇱 Vietnamese · Chile
952
+17
🇨🇱 Persians · Chile
951
+17
🇨🇴 Magyars · Colombia
978
-17
🇨🇴 Maya · Colombia
971
-17
jano.lpc
6:13 Loom
9:20 Feudal Age
9:56 Double-Bit Axe
12:52 Horse Collar
17:23 Wheelbarrow
20:16 Castle Age
19:20 Gold Mining
19:36 Fletching
19:47 Padded Archer Armor
19:58 Forging
21:26 Bow Saw
21:37 Heavy Plow
21:34 Bodkin Arrow
22:17 Husbandry
25:20 Thumb Ring
26:16 Scale Barding Armor
27:00 Bloodlines
26:18 Light Cavalry
27:53 Leather Archer Armor
31:00 Town Watch
36:05 Iron Casting
35:51 Chain Barding Armor
41:48 Town Patrol
42:04 Hand Cart
45:11 Ballistics
48:26 Imperial Age
49:40 Heavy Cavalry Archer
50:55 Ring Archer Armor
50:25 Bracer
51:13 Crop Rotation
50:39 Stone Mining
51:43 Plate Barding Armor
53:19 Chemistry
53:23 Stone Shaft Mining
53:20 Cavalier
gundam_65
6:29 Loom
9:22 Feudal Age
9:52 Double-Bit Axe
13:50 Horse Collar
16:08 Wheelbarrow
21:29 Bloodlines
25:32 Castle Age
24:13 Scale Barding Armor
24:19 Forging
26:03 Husbandry
27:24 Hand Cart
27:23 Bow Saw
28:45 Heavy Plow
31:22 Iron Casting
32:46 Chain Barding Armor
35:49 Light Cavalry
48:24 Imperial Age
46:28 Padded Archer Armor
46:18 Fletching
49:23 Plate Barding Armor
49:49 Blast Furnace
48:14 Cavalier
49:03 Town Watch
50:02 Crop Rotation
51:25 Citadels
53:26 Savar
59:48 Hoardings
58:47 Sappers
felip3.diaz
11:32 Feudal Age
26:51 Castle Age
25:13 Double-Bit Axe
27:10 Pikeman
27:12 Elite Skirmisher
34:01 Thumb Ring
38:50 Scale Mail Armor
45:47 Squires
53:49 Imperial Age
52:41 Forging
juandaosp12
6:43 Loom
9:27 Feudal Age
11:23 Double-Bit Axe
16:35 Wheelbarrow
20:38 Castle Age
18:33 Horse Collar
21:02 Scale Barding Armor
20:58 Padded Archer Armor
20:51 Fletching
22:46 Husbandry
26:25 Elite Skirmisher
27:18 Padded Archer Armor
29:02 Bloodlines
29:29 Heavy Plow
30:08 Light Cavalry
31:26 Bow Saw
36:49 Scale Barding Armor
36:40 Bodkin Arrow
39:00 Chain Barding Armor
40:38 Ballistics
42:06 Gold Mining
42:07 Stone Mining
45:50 Imperial Age
44:40 Gold Shaft Mining
45:09 Pikeman
46:36 Cavalier
49:42 Town Watch
53:06 Corvinian Army
52:38 Halberdier
54:28 Leather Archer Armor
54:25 Hussar
Connection lost

Rejoining the realm…

Still unreachable

The connection could not be restored.

Session expired

The server has moved on; the page needs a fresh start.